Cogmind - Beta 9.4 @@@ ROGUE MODE // 2020.03.02 @ 22:40:40 Player: K.Ioz Result: Destroyed by G-34 Mercenary with Small Laser Performance ------------- Evolutions (1) 500 Regions Visited (2) 400 Robots Destroyed (7) 35 Value Destroyed (215) 215 Prototype IDs (0) 0 Alien Tech Used (0) 0 Bonus (0) 0 TOTAL SCORE: 1150 Bonus ------- None Cogmind --------- Core Integrity 0/400 Matter 300/300 Energy 100/100 System Corruption 0% Temperature Cool (6) Movement Core (100) Ox1 Location -9/Materials Parts ------- > --- POWER (1) -------- (None) > --- PROPULSION (2) --- (None) > --- UTILITY (4) ------ Small Storage Unit > --- WEAPON (2) ------- (None) > --- INVENTORY (6) ---- Light Ion Engine Light Ion Engine ECM Suite Peak State ------------ > --- POWER ------------ Light Ion Engine > --- PROPULSION ------- Aluminum Leg Aluminum Leg > --- UTILITY ---------- Small Storage Unit > --- WEAPON ----------- Assault Rifle Assault Rifle > --- INVENTORY -------- Light Ion Engine Small Laser Small Laser [Rating: 6] Favorites ----------- Power Light Ion Engine Engine Light Ion Engine Propulsion Aluminum Leg Leg Aluminum Leg Flight Unit Flight Unit Utility Small Storage Unit Device Sensor Array Storage Small Storage Unit Weapon Assault Rifle Energy Gun Small Laser Ballistic Gun Assault Rifle Build | -11 -10 -9 ------- Run | Scr Mat Mat Slots Evolved 2 | . . 2 Power . | . . . Propulsion . | . . . Utility 2 | . . 2 Weapon . | . . . Parts Attached 12 | 5 1 6 Power 2 | 1 . 1 Engine 2 | 1 . 1 Core . | . . . Reactor . | . . . Propulsion 4 | 2 . 2 Treads . | . . . Leg 2 | 2 . . Wheel . | . . . Hover . | . . . Flight 2 | . . 2 Utility 2 | . 1 1 Device 1 | . . 1 Storage 1 | . 1 . Processor . | . . . Hackware . | . . . Protection . | . . . Artifact . | . . . Weapon 4 | 2 . 2 Energy Gun 2 | . . 2 Energy Cannon . | . . . Ballistic Gun 2 | 2 . . Ballistic Cannon . | . . . Launcher . | . . . Special Weapon . | . . . Impact Weapon . | . . . Slashing Weapon . | . . . Piercing Weapon . | . . . Special Melee Weapon . | . . . Unidentified Prototypes . | . . . Parts Lost 10 | . 5 5 Power 1 | . 1 . Propulsion 4 | . 2 2 Utility 1 | . . 1 Weapon 4 | . 2 2 Highest Loss Streak 4 | . 4 2 Average Slot Usage (%) 55 | . 75 30 Engine 10 | . 12 6 Leg 15 | . 27 . Flight 1 | . . 3 Device 3 | . . 7 Storage 9 | . 8 11 Ballistic Gun 14 | . 25 . Naked Turns . | . . . Heaviest Build 11 | 7 11 10 Greatest Support 20 | 20 20 8 Greatest Overweight (x) 3 | . 1 3 Average Overweight (x) . | . . . Largest Inventory Capacity 6 | 4 6 6 Average Capacity 5 | 4 5 6 Most Carried 6 | 3 6 6 Average Carried 4 | 1 4 4 Final Capacity 6 | 4 6 6 Final Carried 6 | 3 6 3 Class Distribution -------------------- 100% | Mutant Dominant Class ---------------- Mutant | -10/Materials Mutant | -9/Materials Resources | -11 -10 -9 ----------- Run | Scr Mat Mat Matter Collected 479 | 213 181 85 Remotely . | . . . Salvage Created 229 | . 229 . Parts 18 | . 18 . Haulers Intercepted . | . . . Recyclers Shooed . | . . . Parts Field Recycled . | . . . Retrieved Matter . | . . . Parts Self-Destructed . | . . . Prevented . | . . . Kills | -11 -10 -9 ------- Run | Scr Mat Mat Combat Hostiles Destroyed 5 | . 5 . Guns 5 | . 5 . Classes Destroyed 3 | . 3 . Operator 1 | . 1 . Watcher 1 | . 1 . Grunt 5 | . 5 . Best Kill Streak 2 | . 2 . Combat Bots Only 2 | . 2 . Max Kills in Single Turn 1 | . 1 . Gunslinging . | . . . Exploded . | . . . Melee . | . . . Uniques/NPCs Destroyed . | . . . Combat | -11 -10 -9 -------- Run | Scr Mat Mat Damage Taken 1379 | . 745 634 Core 647 | . 242 405 Absorbed by Shields . | . . . Core Remaining (%) 51 | 100 3 . Volleys Fired 42 | . 42 . Largest 2 | . 2 . Hottest 40 | . 40 . Shots Fired 73 | . 73 . Gun 73 | . 73 . Cannon . | . . . Launcher . | . . . Special . | . . . Kinetic 73 | . 73 . Thermal . | . . . Explosive . | . . . Electromagnetic . | . . . Robot Hit Streak 10 | . 10 . Robot Miss Streak 4 | . 4 . Penetration Max . | . . . Secondary Targets . | . . . Shots Hit Robots 47 | . 47 . Core Hits 18 | . 18 . Critical Hits 1 | . 1 . Critical Kills . | . . . Critical Parts Destroyed 1 | . 1 . Melee Attacks . | . . . Impact . | . . . Slashing . | . . . Piercing . | . . . Sneak Attacks . | . . . Combat Hostiles . | . . . Follow-up Attacks . | . . . Damage Inflicted 629 | . 629 . Guns 622 | . 622 . Cannons . | . . . Explosions . | . . . Melee . | . . . Ramming 7 | . 7 . Kinetic 622 | . 622 . Thermal . | . . . Explosive . | . . . Electromagnetic . | . . . Impact . | . . . Slashing . | . . . Piercing . | . . . Highest Corruption . | . . . Average Corruption . | . . . Corruption Purged . | . . . Overload Shots . | . . . Overflow Damage . | . . . Projectiles . | . . . Explosions . | . . . Melee . | . . . Knockbacks . | . . . Impact . | . . . Kinetic . | . . . Secondary . | . . . Self-Inflicted Damage 2 | . 2 . Shots . | . . . Rammed 4 | . 4 . Targets Rammed 5 | . 5 . Kicked 1 | . 1 . Crushed . | . . . Highest Temperature 8 | . 8 . Average Temperature 5 | . 5 . Received Heat Transfer 651 | . 408 243 Siege Activations . | . . . Robots Corrupted . | . . . Combat Hostiles . | . . . Parts Fried . | . . . Impact Corruptions . | . . . Robots Melted . | . . . Combat Hostiles . | . . . Parts Melted . | . . . Heat Transferred . | . . . Parts Sabotaged . | . . . Parts Stolen . | . . . Parts Stripped . | . . . Power Chain Reactions . | . . . Missiles Intercepted . | . . . Alert | -11 -10 -9 ------- Run | Scr Mat Mat Peak Influence 162 | . 162 116 Average Influence 69 | . 95 56 Maximum Alert Level . | . . . Low Security (%) 100 | 100 100 100 Level 1 . | . . . Level 2 . | . . . Level 3 . | . . . Level 4 . | . . . Level 5 . | . . . High Security . | . . . Max Security . | . . . Squads Dispatched 4 | . 3 1 Investigation . | . . . Extermination . | . . . Reinforcement 4 | . 3 1 Assault . | . . . Garrison . | . . . Intercept . | . . . Construction Impeded . | . . . Haulers Reinforced . | . . . Stealth | -11 -10 -9 --------- Run | Scr Mat Mat Distress Signals 4 | . 3 1 Communications Jammed . | . . . Distress Signals . | . . . Times Spotted 37 | . 18 19 Peak Tracking Total 13 | . 4 13 Tactical Retreats 4 | . 1 3 Traps | -11 -10 -9 ------- Run | Scr Mat Mat Traps Triggered . | . . . Indirectly . | . . . Trap Hack Attempts . | . . . Triggered . | . . . Disarmed . | . . . Reprogrammed . | . . . Reused . | . . . Traps Extracted . | . . . Installed . | . . . Triggered . | . . . Machines | -11 -10 -9 ---------- Run | Scr Mat Mat Machines Disabled . | . . . Max in Single Turn . | . . . Machines Sabotaged . | . . . Garrisons Compromised . | . . . Overloaded Fab Kills . | . . . Fab Network Shutdowns . | . . . Hacking | -11 -10 -9 --------- Run | Scr Mat Mat Machines Accessed 2 | . 2 . Terminals 2 | . 2 . Fabricators . | . . . Repair Stations . | . . . Recycling Units . | . . . Scanalyzers . | . . . Garrison Access . | . . . Total Hacks 3 | . 3 . Successful 1 | . 1 . Failed 2 | . 2 . Catastrophic 1 | . 1 . Database Lockouts . | . . . Manual . | . . . Terminals 3 | . 3 . Fabricators . | . . . Repair Stations . | . . . Recycling Units . | . . . Scanalyzers . | . . . Garrison Access . | . . . Terminal Hacks 1 | . 1 . Locate Traps 1 | . 1 . Fabricator Hacks . | . . . Repair Station Hacks . | . . . Recycling Unit Hacks . | . . . Scanalyzer . | . . . Garrison Access Hacks . | . . . Unauthorized Hacks . | . . . Terminals . | . . . Fabricators . | . . . Repair Stations . | . . . Recycling Units . | . . . Scanalyzers . | . . . Garrison Access . | . . . Data Cores Recovered . | . . . Used . | . . . Hacking Detections 1 | . 1 . Full Trace Events . | . . . Feedback Events . | . . . Feedback Blocked . | . . . Robot Schematics Acquired . | . . . Robots Built . | . . . Matter . | . . . Time . | . . . Total Robot Build Rating . | . . . Part Schematics Acquired . | . . . Parts Built . | . . . Matter . | . . . Time . | . . . Total Part Build Rating . | . . . Parts Repaired . | . . . Time . | . . . Parts Recycled . | . . . Recycled Matter . | . . . Retrieved Matter . | . . . Retrieved Components . | . . . Parts Scanalyzed . | . . . Part Schematics Acquired . | . . . Parts Damaged . | . . . Bothacking | -11 -10 -9 ------------ Run | Scr Mat Mat Used RIF Installer . | . . . Robots Hacked . | . . . Non-combat . | . . . Combat . | . . . Robot Hacks Applied . | . . . Relay Couplers Released . | . . . Robots Rewired . | . . . Allies Hacked . | . . . Hacks Repelled . | . . . Allies | -11 -10 -9 -------- Run | Scr Mat Mat Total Allies . | . . . Largest Group . | . . . Highest-Rated Group . | . . . Highest-Rated Ally . | . . . Total Orders . | . . . Ally Attacks . | . . . Total Damage . | . . . Kills . | . . . Allies Corrupted . | . . . Allies Melted . | . . . Intel | -11 -10 -9 ------- Run | Scr Mat Mat Robot Analysis Total . | . . . Derelict Logs Recovered . | . . . Drone Launches . | . . . Drone Recoveries . | . . . Exploration | -11 -10 -9 ------------- Run | Scr Mat Mat Turns Passed 790 | 88 395 307 Spaces Moved 588 | 79 202 307 Core 190 | 24 10 156 Treads . | . . . Legs 247 | 55 192 . Wheels . | . . . Hover . | . . . Flight 151 | . . 151 Fastest Speed 37 | 50 100 37 Average Speed 100 | 98 119 88 Slowest Speed 200 | 120 120 200 Overloaded Moves . | . . . Propulsion Burnouts . | . . . Robots Hopped 1 | . . 1 Cave-ins Triggered . | . . . Exploration Rate (%) 29 | 5 44 39 Regions Visited 2 Branch Regions . Pre-discovered Areas . | . . . Known Exits Taken . | . . . Unknown Exits Taken 2 | 1 1 . Scrap Searched . | . . . Spaces Dug . | . . . Terrain Destroyed . | . . . Melee . | . . . Projectile . | . . . AOE . | . . . Actions | -11 -10 -9 --------- Run | Scr Mat Mat Total 710 | 86 284 340 Wait 52 | . 27 25 Move 584 | 78 201 305 Hop 1 | . . 1 Pick Up 11 | 3 6 2 Fast Attach 5 | 5 . . Attach 7 | . 1 6 Detach 1 | . . 1 Swap . | . . . Drop 2 | . 2 . Fire 42 | . 42 . Melee . | . . . Ram 1 | . 1 . Kick 4 | . 4 . Crush . | . . . Escape Stasis . | . . . Rewire . | . . . Trap . | . . . Miscellaneous . | . . . Route ------- -11/Scrapyard -10/Materials (discovered 2 exits: [*Mat] / [*Min]) -9/Materials (discovered 2 exits: [*Mat] / [*Min]) History --------- Turn | Location | Event 6 | -11/Scrapyard | Discovered new exit (range 15) 89 | -11/Scrapyard | Entered Materials 244 | -10/Materials | Discovered new exit (range 16) 311 | -10/Materials | Build established: Mutant 471 | -10/Materials | Core integrity fell below 50% 475 | -10/Materials | Core integrity fell below 20% 482 | -10/Materials | Discovered new exit (range 3) 484 | -10/Materials | Entered another Materials area 484 | -9/Materials | Evolved 2 slots: Utility x2 511 | -9/Materials | Lost 4 parts (1p2n1w) 581 | -9/Materials | Discovered new exit (range 16) 675 | -9/Materials | Core integrity fell below 50% 713 | -9/Materials | Core integrity fell below 20% 782 | -9/Materials | Discovered new exit (range 16) 791 | -9/Materials | Destroyed by G-34 Mercenary with Small Laser Last Messages --------------- 00482_ EXIT=FOUND 00483_ K-01 Serf collects debris. PARAMETERS=UTILITY_2 LOCATION=UNKNOWN GOAL=ESCAPE 00552_ Acquired Flight Unit. 00581_ EXIT=FOUND 00659_ Sml. Laser destroyed. 00673_ U-05 Engineer lays Concrete. 00701_ Sensor Array destroyed. 00709_ W-16 Scout sends out distress signal. 00727_ Acquired 85 matter. 00731_ Flight Unit destroyed. 00734_ K-01 Serf collects debris. 00745_ T-07 Excavator is excavating. 00782_ EXIT=FOUND 00783_ O-16 Technician: "IFF HANDSHAKE FAILED. SECURING TERMINAL." 00786_ ALERT: Hostiles spotted, dispatching reinforcements to Terminal M008. 00787_ Flight Unit destroyed. Map ----- +----------------------------------------------------+ | ???????????????????????????? ?????????? ???#### | | ???????????????????????????? ?????????? ??????# | | ####???????????????????????# ?????????? ??????# | | "" #??????????????????????## ?????????? ??????# | | T" #??????????????????????/ ?????????? #?????# | | " #??????????????????????# ?????????? #?????# | | #??????????????????????# ##???????# #?????# | | #??????????????????????# #???????# #?????# | | ! #??????????????????????# +???????# #?????# | | #??????????????????????/ #???????# #?????+ | | #??????????????????????# #???????# #?????# | | #??????????????????????# #???????# #?????# | | ####??????????????????????# #???????# #?????## | | #?????????????#+########## ######### #??????? | | #???????????? ## # #??????? | | #???????????? + =# #??????? | | #???????????? ## # #??????? | | #?????????????############ g ## """ # #??##### | | #????????????????????????# ## """ + #### | | ####?????????????????####?# ## """ # / | | #???????????#** ## ######### #### | | #???????????#** #??????# #??# | | #???????????#!! [#??????##+##??# | | # # #???????????#!! T #??????? ???# | | ?? #???###???????????#!! #???????"""???# | | ???#?????????????????#!! @ #?????? """"??# | | ?????????????????????###### ##?????? """"??# | | ??????????????????????????# #?????? """""?# | | ??????????????????????????# #?????? """"??# | | ??????????????????????????# +?????# ??????##### | | ??????????????????????????# #?????# ???????????? | | ??????????????????????????# < #?????# ???????????? | | ??????????????????????????# #??????????????????? | | ??????????????????????????#####??????????????????? | | ?????????????????????????????????????????????????? | | ?????????????????????????????????????????????????? | | ?????????????????????????????????????????????????? | | ?????????????????????????????????????????????????? | | ?????????????????????????????????????????????????? | | ?????????????????????????????????????????????????? | | ?????????????????????????????????????????????????? | | | | | | | | | | | | | | | | | | | +----------------------------------------------------+ Best States ------------- Heat Dissipation 28 Energy Generation 10 Energy Capacity 125 Matter Stores 300 Matter Capacity 300 Sight Range 16 Robot Scan Range 10 Terrain Scan Density 10 Evasion (%) 62 Item Schematics ----------------- None Robot Schematics ------------------ None Fabricated ------------ Nothing Alien Tech Used ----------------- None Achievements -------------- None Challenges ------------ None Game ------ Seed PhaseHelicalScreen Manual? 0 Play Time 00:13:18 Cumulative 130.1 hours Start 2020.03.02 @ 22:01:57 End 2020.03.02 @ 22:40:40 Sessions 3 Manual Loads 0 Difficulty Rogue Special Mode None Game No. 85 Rogue 67 Adventurer 0 Explorer 18 Win Type - Total 2 Types 2/0/0/0/0/0/0 Lore% 57 Gallery% 58 Achievement% 51 Wizard Run 0 Options --------- ASCII 0 Keyboard 1 Movement Vi Keybinds 0 Fullscreen 1 Font 18/X11Bold Map View 76x50 Tactical HUD 1 Map Filters NONE Filters LOW_CONTRAST(47,30,31)|SHIFT_HUE(230) Steam 1 RUN: 6ad16d4e-e75f-40b9-a23b-810fb0a65c37